 Dungeon Crawl Stone Soup version 0.30.0-29-ga12c61a403 (webtiles) character file.

Game seed: 17220258682919245903

5187 Sabo the Cleaver (level 10, -13/138 HPs)
             Began as a Naga Fighter on June 10, 2023.
             Was a Priest of Makhleb.
             Mangled by an orc warlord
             ... wielding a +8 battleaxe
              (16 damage)
             ... in a bailey.
             The game lasted 00:53:50 (10076 turns).

Sabo the Cleaver (Naga Fighter)                    Turns: 10076, Time: 00:53:51

Health: -13/138    AC: 25    Str: 25 (27) XL:     10   Next: 60%
Magic:  9/9        EV:  1    Int:  8 (9)  God:    Makhleb [***...]
Gold:   273        SH: 11    Dex: 20      Spells: 9/9 levels left

rFire   . . .        j - +5 war axe (vamp)
rCold   . . .        e - +0 kite shield
rNeg    + . .        S - melded +2 chain mail {Will+}
rPois   +            N - melded +0 helmet of the Bells {rPois Str+3 Stlth+}
rElec   .            f - melded +0 cloak
rCorr   .            p - melded +2 pair of gloves
SInv    +            P - melded +3 barding "Sofyc" {Harm +Inv rF- rN+ Dex+4}
Will    ++...        q - amulet of regeneration
Stlth   +++          t - ring of positive energy
HPRegen 1.23/turn    w - ring "Aniq" {rPois Will+ Int+3 Dex+7 SInv}
MPRegen 0.11/turn

%: no passive effects
@: tree-form
A: stationary, stasis, torment immunity, boosted hp, AC +3, large, see
invisible, (deformed body), (poison resistance), (slowness 2), spit poison 1,
(naga tail 1), agile 1, low MP 1, strong 1
a: Spit Poison, Renounce Religion, Minor Destruction, Lesser Servant of Makhleb


You were in a bailey.
You worshipped Makhleb.
Makhleb was most pleased with you.
You were a tree.
You visited 1 branch of the dungeon, and saw 9 of its levels.
You also visited: Sewer, Ossuary and Bailey.

You collected 688 gold pieces.
You spent 415 gold pieces at shops.

Inventory:

Hand Weapons
 a - a +0 war axe
 j - a +5 vampiric war axe (weapon)
 A - a +0 hand crossbow
Missiles
 b - 3 silver javelins
 h - 37 poisoned darts (quivered)
Armour
 e - a +0 kite shield (worn)
 f - a +0 cloak (melded)
 p - a +2 pair of gloves (melded)
 N - the +0 helmet of the Bells (melded) {rPois Str+3 Stlth+}
   (You found it on level 7 of the Dungeon)

   Str:       It affects your strength (+3).
   rPois:     It protects you from poison.
   Stlth:     It makes you more stealthy.
 P - the +3 barding "Sofyc" (melded) {Harm +Inv rF- rN+ Dex+4}
   (You acquired it on level 7 of the Dungeon)

   Dex:       It affects your dexterity (+4).
   rF:        It makes you vulnerable to fire.
   rN:        It protects you from negative energy.
   +Inv:      It lets you turn invisible.
   Harm:      It increases damage dealt and taken.
 S - a +2 chain mail of willpower (melded)
Jewellery
 q - an amulet of regeneration (around neck)
 t - a ring of positive energy (left branch)
 w - the ring "Aniq" (right branch) {rPois Will+ Int+3 Dex+7 SInv}
   (You acquired it on level 7 of the Dungeon)

   [ring of willpower]

   Int:       It affects your intelligence (+3).
   Dex:       It affects your dexterity (+7).
   rPois:     It protects you from poison.
   SInv:      It lets you see invisible.
   Will:      It increases your willpower.
 H - a ring of protection from cold
Wands
 l - a wand of light (8)
 m - a wand of flame (20)
 y - a wand of charming (1)
 E - a wand of mindburst (29)
 R - a wand of digging (12)
Scrolls
 d - a scroll of vulnerability {unknown}
 i - a scroll of fog
 o - a scroll of poison
 u - 5 scrolls of fear
 B - 2 scrolls of silence {unknown}
 F - a scroll of torment {unknown}
 I - a scroll of summoning {unknown}
 J - 6 scrolls of teleportation
 M - a scroll of amnesia {unknown}
Potions
 c - a potion of berserk rage
 g - 3 potions of magic
 k - 3 potions of flight {unknown}
 n - a potion of invisibility {unknown}
 r - 2 potions of cancellation {unknown}
 s - 5 potions of mutation
 v - a potion of resistance {unknown}
 x - a potion of brilliance {unknown}
 z - 3 potions of lignification
 C - 2 potions of heal wounds {unknown}
 D - 5 potions of curing
 G - a potion of ambrosia {unknown}
 K - a potion of attraction {unknown}
 O - 3 potions of might


   Skills:
 + Level 6.6 Fighting
 + Level 10.7 Axes
 + Level 0.6 Throwing
 + Level 6.1 Armour
 + Level 2.3 Dodging
 + Level 3.6 Stealth
 + Level 5.7 Shields


You had 9 spell levels left.
You didn't know any spells.
Your spell library contained the following spells:

 Spells                   Type           Power      Damage    Failure   Level
 Blink                    Tloc           0%         N/A       77%         2
 Ensorcelled Hibernation  Hex/Ice        0%         N/A       77%         2
 Lesser Beckoning         Tloc           0%         N/A       77%         2
 Momentum Strike          Conj/Tloc      0%         3d8       77%         2
 Passwall                 Tmut/Erth      0%         N/A       77%         2
 Gell's Gravitas          Tloc           0%         N/A       94%         3
 Swiftness                Air            0%         N/A       94%         3
 Teleport Other           Tloc           0%         N/A       94%         3


Dungeon Overview and Level Annotations

Branches:
Dungeon (9/15)             Temple (0/1) D:6            Lair (0/5) D:8
  Sewer (visited)         Ossuary (visited)          Bailey (1/1)
    Orc: D:9-12

Altars:
Makhleb
The Shining One

Shops:
D:4 [   D:5 [(:(!


Innate Abilities, Weirdness & Mutations

You are a tree.
Your roots penetrate the ground, keeping you stationary.
You cannot be teleported.
You are immune to unholy pain and torment.
Your maximum health is greatly increased.
Your equipment is partially melded.
((Your serpentine skin is tough. (AC +3)))
You have supernaturally acute eyesight. (SInv)
((Armour fits poorly on your strangely shaped body.))
((Your system is resistant to poisons. (rPois)))
((You cover ground very slowly.))
You can spit poison.
((You have a snake-like lower body.))
You are agile. (Dex +4, Str/Int -1)
Your magical capacity is low. (-10% MP)
Your muscles are strong. (Str +4, Int/Dex -1)


Message History

The orc warlord hits you with a +8 battleaxe!
You slash the orc warlord!
You feel better.
The orc warlord is lightly wounded.
The orc warlord hits you with a +8 battleaxe!!
You hit the orc warlord.
You feel better.
The orc warlord is moderately wounded.
The orc warlord hits you with a +8 battleaxe!!
* * * LOW HITPOINT WARNING * * *
You slash the orc warlord!
The orc warlord is moderately wounded.
The orc warlord hits you with a +8 battleaxe!
* * * LOW HITPOINT WARNING * * *
You hit the orc warlord.
The orc warlord is moderately wounded.
The orc warlord hits you with a +8 battleaxe.
* * * LOW HITPOINT WARNING * * *
It was a potion of lignification.
You turn into a tree.
Your +0 cloak melds into your body.
The +0 helmet of the Bells {rPois Str+3 Stlth+} melds into your body.
Your +2 pair of gloves melds into your body.
The +3 barding "Sofyc" {Harm +Inv rF- rN+ Dex+4} melds into your body.
Your +2 chain mail of willpower melds into your body.
You feel less strong-willed.
Your roots penetrate the ground.
The orc warlord hits you with a +8 battleaxe!
* * * LOW HITPOINT WARNING * * *
You barely miss the orc warlord.
The orc warlord is moderately wounded.
You block the orc warlord's attack.
You barely miss the orc warlord.
The orc warlord is moderately wounded.
You block the orc warlord's attack.
The orc warrior shouts!
You hit the orc warlord but do no damage.
The orc warlord is moderately wounded.
The orc warlord hits you with a +8 battleaxe.
* * * LOW HITPOINT WARNING * * *
You closely miss the orc warlord.
The orc warlord is moderately wounded.
The orc warlord hits you with a +8 battleaxe!
You die...

..##.........##...##
...##.......##.....##
8...##~~~~~##.......##
.)...#~~~~~#...8..8..##
.....#~~~~~#..........#
8....'(....'..........#
...#########......8...#
..##~~ ####......##
..#~). .~#~~#.♣...##
..#~?. .....~#.o..##
..##8. ..8.8~##...#
...#.. ....o~~'..(#
...#.. ∩....~~'.)(#
...#o. .....~~'...#
..##8. ..8.8~##...#
..#~!. ....~#....## ..#
". .~#~~#.....##


You could see an orc warlord and an orc warrior.

Vanquished Creatures
  A two-headed ogre (D:8)
  Pikel (D:6)
  Maggie (D:7)
  Grinder (D:6)
  Sigmund (D:6)
  5 yaks (D:9)
  Menkaure (D:5)
  A water moccasin (Sewer)
  2 orc warriors (Bailey)
  3 ice beasts
  A sky beast (D:8)
  A black bear (D:8)
  A phantom (D:6)
  Blork the orc (D:5)
  2 kobold brigands
  2 bullfrogs
  5 scorpions
  4 water moccasin zombies (Ossuary)
  4 killer bees (D:8)
  3 hounds
  A gnoll bouda (D:7)
  3 orc priests
  2 sleepcaps
  2 iguanas
  6 orc wizards
  2 mummies (Ossuary)
  10 gnolls
  7 adders
  A shadow imp (D:8)
  3 white imps
  2 ufetubi
  3 adder zombies (Ossuary)
  4 worms
  2 dart slugs
  23 orcs
  7 ball pythons
  12 bats
  9 endoplasms
  7 giant cockroaches
  A gnoll zombie (Ossuary)
  11 goblins
  9 hobgoblins
  9 jackals (D:5)
  30 kobolds
  8 quokkas
  4 frilled lizards
  4 hobgoblin zombies (Ossuary)
  5 kobold zombies (Ossuary)
  7 orc zombies (Ossuary)
  9 rats
244 creatures vanquished.

Notes
Turn   | Place    | Note
-------+----------+-------------------------------------------
     0 | D:1      | Sabo the Naga Fighter began the quest for the Orb.
     0 | D:1      | Reached XP level 1. HP: 21/21 MP: 1/1
   447 | D:1      | Reached XP level 2. HP: 18/28 MP: 2/2
   640 | D:1      | Found a glowing golden altar of the Shining One.
  1191 | D:1      | Reached XP level 3. HP: 27/34 MP: 3/3
  1524 | D:2      | Reached XP level 4. HP: 16/42 MP: 4/4
  1531 | D:2      | Reached skill level 3 in Axes
  1534 | D:2      | HP: 2/42 [orc wizard/+0 dagger (1)]
  1537 | D:2      | Reached XP level 5. HP: 4/50 MP: 5/5
  1739 | D:2      | Found a glowing golden altar of the Shining One.
  2508 | D:3      | Reached XP level 6. HP: 22/57 MP: 6/6
  2769 | D:3      | Reached skill level 4 in Axes
  2860 | D:3      | Found a faded altar of an unknown god.
  4335 | D:4      | Found a burning altar of Makhleb.
  4353 | D:4      | Reached skill level 5 in Axes
  4353 | D:4      | Reached XP level 7. HP: 49/64 MP: 7/7
  4408 | D:4      | Became a worshipper of Makhleb the Destroyer
  4560 | D:4      | Reached skill level 1 in Dodging
  4710 | D:4      | Found Xanib's Armour Shop.
  4973 | D:5      | Entered Level 5 of the Dungeon
  5021 | D:5      | Found Peekirpha's Antique Weapon Emporium.
  5026 | D:5      | Bought a glowing war axe for 169 gold pieces
  5089 | D:5      | Found Juhast's Antique Armour Shop.
  5131 | D:5      | Found Cikkan's Book Emporium.
  5171 | D:5      | Found Dacsinas's Distillery.
  5219 | D:5      | Found a glowing drain.
  5232 | Sewer    | Entered a sewer
  5236 | Sewer    | Reached * piety under Makhleb
  5267 | Sewer    | Reached skill level 1 in Stealth
  5278 | Sewer    | Reached skill level 6 in Axes
  5526 | D:5      | Reached XP level 8. HP: 32/73 MP: 8/8
  5661 | D:5      | Bought a potion of curing for 39 gold pieces
  5848 | D:5      | Noticed Blork the orc
  5849 | D:5      | Noticed Menkaure
  5855 | D:5      | Killed Blork the orc
  5858 | D:5      | Killed Menkaure
  6408 | D:5      | Found Pusoreyr's Weapon Boutique.
  6527 | D:6      | Noticed Sigmund
  6534 | D:6      | Killed Sigmund
  6535 | D:6      | Reached skill level 7 in Axes
  6824 | D:6      | Noticed Pikel
  6835 | D:6      | Killed Pikel
  6836 | D:6      | Reached skill level 5 in Fighting
  6836 | D:6      | Reached skill level 8 in Axes
  6836 | D:6      | Reached skill level 5 in Armour
  6836 | D:6      | Reached XP level 9. HP: 81/81 MP: 9/9
  7014 | D:6      | Noticed Grinder
  7017 | D:6      | Paralysed by Grinder for 3 turns
  7023 | D:6      | Killed Grinder
  7240 | D:6      | Found a staircase to the Ecumenical Temple.
  7500 | D:5      | Bought a twisted scale mail for 207 gold pieces
  7500 | D:5      | Identified the +1 scale mail of the Crypt {*Corrode rElec
                  | rPois rC-} (You bought it in a shop on level 5 of the
                  | Dungeon)
  7604 | D:7      | Noticed Maggie
  7624 | D:7      | Killed Maggie
  7624 | D:7      | Reached ** piety under Makhleb
  7625 | D:7      | Reached skill level 9 in Axes
  7790 | D:7      | Reached skill level 5 in Shields
  7814 | D:7      | Identified the +0 helmet of the Bells {rPois Str+3 Stlth+}
  7968 | D:7      | Identified 2 scrolls of acquirement
  7969 | D:7      | Acquired the +3 barding "Sofyc" {Harm +Inv rF- rN+ Dex+4}
  7988 | D:7      | Acquired the ring "Aniq" {rPois Will+ Int+3 Dex+7 SInv}
  8287 | D:8      | Found a sand-covered staircase.
  8297 | Ossuary  | Entered an ossuary
  8389 | Ossuary  | Reached XP level 10. HP: 91/91 MP: 10/10
  8405 | Ossuary  | Reached *** piety under Makhleb
  8832 | D:8      | Noticed a two-headed ogre
  8844 | D:8      | Killed a two-headed ogre
  8845 | D:8      | Reached skill level 10 in Axes
  9120 | D:8      | Found a staircase to the Lair.
  9709 | D:8      | Gained mutation: You have sharp fingernails. [potion of
                  | mutation]
  9709 | D:8      | Gained mutation: You have a pair of small horns on your
                  | head. [potion of mutation]
  9710 | D:8      | Lost mutation: You have sharp fingernails. [potion of
                  | mutation]
  9710 | D:8      | Lost mutation: You have a pair of small horns on your head.
                  | [potion of mutation]
  9710 | D:8      | Gained mutation: You are agile. (Dex +4, Str/Int -1)
                  | [potion of mutation]
  9710 | D:8      | Gained mutation: Your magical capacity is low. (-10% MP)
                  | [potion of mutation]
  9710 | D:8      | Gained mutation: Your muscles are strong. (Str +4, Int/Dex
                  | -1) [potion of mutation]
  9817 | D:9      | Found a flagged portal.
  9831 | Bailey   | Entered a bailey
  9853 | Bailey   | Noticed an orc warlord
  9853 | Bailey   | Found the macabre finger necklace {Finger+ rN+}
  9938 | Bailey   | Found a runed translucent gate.
  9938 | Bailey   | Found a runed translucent gate.
  9959 | Bailey   | Found a runed translucent gate.
 10072 | Bailey   | HP: 3/138 [orc warlord/+8 battleaxe (15)]
 10076 | Bailey   | Mangled by an orc warlord

Illustrated notes

Levels and vault maps discovered:
D:1:      erik_arrival_cave_to_civilisation [erik_arrival_cave_to_hall],
          layout_basic, serial_park_tiny_pond, chequers_serial_rivers_marsh,
          hangedman_decor_clover_reticule, minmay_hexomino_r4
D:2:      layout_loops_ring, basic_altar
D:3:      layout_loops_cross, hellmonk_ecumenical_altar_zigzags
D:4:      layout_loops_ring, makhleb_heckhound_becter, serial_shops,
          nicolae_shop_pleasant_corner_grove
D:5:      layout_loops_ring, portal_sewer_entry_e, serial_shops,
          nicolae_square_shop, nicolae_shop_window_shopping, nicolae_shop_stone,
          nicolae_shop_tiny_statue_garden, nicolae_inconvenience_store,
          uniq_menkaure, uniq_blork_the_orc
D:6:      layout_basic, temple_doors_ab, uniq_sigmund, uniq_grinder, uniq_pikel
D:7:      layout_rooms, uniq_maggie
D:8:      layout_gridville, lair_entry_dummy, nicolae_ossuary_entry_ruins,
          serial_bayou_ford_a, minmay_crystal_room
D:9:      layout_roguey, chequers_temple_overflow_minitemple, enter_bailey_3,
          uniq_maurice
Bailey:   bailey_axe_bossmonster_kennysheep, bailey

Skill      XL: |  1  2  3  4  5  6  7  8  9 10 |
---------------+-------------------------------+-----
Armour         | 3 4 5 6 |  6.1
Axes           | 3 5 6 8 9 10 | 10.7
Shields        | 3 4 5 |  5.7
Fighting       | 4 5 6 |  6.6
Dodging        | 1 2 |  2.3
Stealth        | 1 2 3 |  3.6
Throwing       | |  0.6

Action                     |  1- 3 |  4- 6 |  7- 9 | 10-12 || total
---------------------------+-------+-------+-------+-------++-------
  Melee: War axe           |   107 |   188 |   278 |   105 ||   678
  Throw: Javelin           |       |     3 |       |       ||     3
         Dart              |       |     1 |       |       ||     1
    Use: Scroll            |     3 |     2 |     9 |     5 ||    19
         Potion            |       |       |     1 |     4 ||     5
   Stab: Sleeping          |       |       |     4 |     2 ||     6
 Armour: Scale mail        |    59 |     2 |       |       ||    61
         Chain mail        |       |   103 |   163 |    69 ||   335
         Swamp dragon scal |       |       |    34 |     9 ||    43
  Dodge: Dodged            |    57 |    62 |    83 |    24 ||   226
  Block: Buckler           |    24 |    47 |    23 |       ||    94
         Kite shield       |       |       |   100 |    68 ||   168
